 Dungeon Crawl Stone Soup version 0.29.1-2-gbd0b4ee654 (webtiles) character file.

Game seed: 17322824593804903827

14 qeuew the Ducker (level 2, 0/14 HPs)
             Began as a Felid Berserker on Nov 17, 2022.
             Was a Follower of Trog.
             Slain by a jackal (1 damage)
             ... on level 1 of the Dungeon.
             The game lasted 00:00:42 (812 turns).

qeuew the Ducker (Felid Berserker)                   Turns: 812, Time: 00:00:43

Health: 0/14       AC:  1    Str: 13    XL:     2   Next: 27%
Magic:  3/3        EV: 18    Int:  8    God:    Trog [*.....]
Gold:   19         SH:  0    Dex: 15    Spells: 1/1 levels left
                                        Lives:  0   Deaths: 0

rFire   . . .      SeeInvis +     - Unarmed
rCold   . . .      Faith    .   (shield unavailable)
rNeg    . . .      Spirit   .   (body armour unavailable)
rPois   .          Reflect  .   (helmet unavailable)
rElec   .          Harm     .   (cloak unavailable)
rCorr   .          Rampage  .   (gloves unavailable)
Will    .....                   (boots unavailable)
Stlth   ++........              (no amulet)
HPRegen 0.04/turn               (no ring)
MPRegen 0.08/turn               (no ring)

@: quick
A: very small, claws 1, fangs 3, see invisible, speed 1, shaggy fur 1, stealthy
paws, no weapons or thrown items, no armour, multi-lived
a: Renounce Religion, Berserk


You were on level 1 of the Dungeon.
You worshipped Trog.
Trog was aware of your devotion.
You visited 1 branch of the dungeon, and saw 1 of its levels.

You collected 19 gold pieces.

Inventory:

Scrolls
 d - a scroll of noise {unknown}
 e - a scroll of identify {unknown}
 f - a scroll of amnesia {unknown}
 g - 2 scrolls of teleportation {unknown}
 h - a scroll of vulnerability {unknown}
Potions
 a - a potion of brilliance {unknown}
 b - a potion of might
 c - a potion of invisibility {unknown}


   Skills:
 + Level 3.1 Fighting
 + Level 4.2 Dodging
 * Level 1.5 Stealth
 + Level 3.1 Unarmed Combat


You had one spell level left.
You didn't know any spells.
Your spell library was empty.

Dungeon Overview and Level Annotations

Branches:
Dungeon (1/15)

Altars:


Innate Abilities, Weirdness & Mutations

You have sharp claws.
You have razor-sharp teeth.
You have supernaturally acute eyesight. (SInv)
You cover ground quickly. (Speed+)
You are covered in fur. (AC +1)
Your paws help you pounce on unaware monsters.
You are incapable of wielding weapons or throwing items.
You cannot wear armour.
You gain extra lives every three experience levels.


Message History

No target in view!
No target in view!
g - 2 scrolls labelled BAOSHE JEEDGH (gained 1)
You open the door. 2 jackals come into view.
Found an escape hatch in the floor.
Found a stone staircase leading down. 2 jackals come into view.
There is an open door here.
There are monsters nearby!
There are monsters nearby!
A dart slug comes into view.
The jackal barks! x4
The jackal bites you.
You closely miss the jackal. The jackal misses you.
The jackal completely misses you. The jackal misses you.
The jackal closely misses you. The jackal misses you.
You barely miss the jackal. The jackal misses you.
The jackal closely misses you. The jackal misses you.
The jackal barely misses you. The jackal bites you.
You closely miss the jackal. The jackal misses you. x2
The jackal closely misses you. The jackal completely misses you.
The jackal misses you.
You closely miss the jackal. The jackal completely misses you.
The jackal closely misses you. The jackal misses you.
The jackal completely misses you. The jackal misses you.
You scratch the dart slug. You claw the dart slug.
The dart slug is almost dead.
The jackal completely misses you. The jackal closely misses you. x2
The jackal bites you. The jackal misses you.
You scratch the dart slug.
You kill the dart slug!
Trog accepts your kill. The jackal bites you. The jackal completely misses you.
The jackal bites you. x2
* * * LOW HITPOINT WARNING * * *
The jackal bites you.
* * * LOW HITPOINT WARNING * * *
The jackal completely misses you. The jackal attacks as you move away!
The jackal barely misses you. The jackal attacks as you move away!
The jackal bites you.
You die...

........# #.............#..§≈.≈≈≈
..♣.....# ##............#..§.≈≈≈.
........# #.............#≈.≈...≈
..♣.....# #....#########..≈.....
........# #.##.# ##.#.....
........####.##'####### #..#####
.............#........# ...#.....
##############...h....##.####....
#..@h....#.. #.... #.†hh....#
#.... #.......... #....
#>.....>... #.... #..........
#.... #.......... #....
#.......... ##### #..........


You could see 4 jackals.

Vanquished Creatures
  A dart slug (D:1)
  2 ball pythons (D:1)
  An endoplasm (D:1)
  A giant cockroach (D:1)
  A goblin (D:1)
  2 hobgoblins (D:1)
  A bat (D:1)
  A rat (D:1)
10 creatures vanquished.

Notes
Turn   | Place    | Note
-------+----------+-------------------------------------------
     0 | D:1      | qeuew the Felid Berserker began the quest for the Orb.
     0 | D:1      | Reached XP level 1. HP: 10/10 MP: 2/2
   177 | D:1      | Found a faded altar of an unknown god.
   339 | D:1      | Reached skill level 1 in Stealth
   544 | D:1      | Reached XP level 2. HP: 12/14 MP: 3/3
   812 | D:1      | Slain by a jackal

Illustrated notes

Levels and vault maps discovered:
D:1:      wander_arrival_estate, layout_basic,
          shapermc_ecumenical_altar_starsandcircs

Skill      XL: |  1 |
---------------+----+-----
Stealth        | 1 |  1.5
Fighting       | |  3.1
Dodging        | |  4.2
Unarmed Combat | |  3.1

Action                   || total
-------------------------++-------
Melee: Unarmed           ||    40
       Bite              ||     3
       Punch             ||     1
Dodge: Dodged            ||    57
